Map: Backwater LE

Players

Trex

  • Race: Zerg Zerg
  • League: Platinum
  • Spawn Location: 5:00

Kozzy - Winner!

  • Race: Protoss Protoss
  • League: Gold
  • Spawn Location: 11:00

VOD

Have the link to the VOD?

Description

Time

  • Played on: April 10, 2018, 12:17 a.m.
  • Length: 7:30
Show
View Real Time Build Order
Export as new Build Order

Trex Zerg 

Build Orders: Hatch First 

Get SALT Encoding   

  12  0:00  Drone  
  13  0:10  Drone  
  14  0:18  Overlord  
  14  0:29  Extractor  
  14  0:30  Drone  
  15  0:36  Drone x2  
  17  0:56  Drone, Hatchery  
  17  1:00  Drone  
  18  1:08  Extractor  
  17  1:17  Spawning Pool  
  16  1:19  Drone  
  16  1:22  Drone  
  18  1:27  Drone  
  19  1:40  Overlord  
  19  1:54  Drone  
  20  2:04  Queen  
  22  2:09  Metabolic Boost  
  22  2:10  Zergling x2  
  22  2:11  Zergling x2  
  24  2:38  Drone x2  
  24  2:39  Drone x3  
  24  2:40  Hatchery  
  28  2:50  Queen  
  30  3:01  Drone  
  30  3:02  Extractor, Drone  
  30  3:03  Drone x2  
  33  3:19  Drone, Evolution Chamber  
  33  3:22  Zergling x6  
  36  3:46  Zerg Melee Weapons Level 1  
  36  3:48  Lair  
  36  4:03  Queen  
  36  4:04  Queen  
  36  4:07  Drone x2  
  42  4:10  Overlord  
  42  4:11  Overlord  
  42  4:14  Overlord  
  42  4:25  Overlord  
  42  4:28  Drone x4  
  42  4:29  Drone x2  
  42  4:31  Drone  
  49  4:34  Drone  
  50  4:39  Pneumatized Carapace  
  50  4:49  Queen  
  50  4:50  Drone  
  50  4:51  Drone x2  
  55  5:04  Drone x5  
  60  5:20  Extractor  
  59  5:22  Extractor  
  32  6:50  Zergling x2  
  32  6:51  Zergling x14  
  32  6:52  Zergling x14  
  32  6:53  Zergling x4  
  49  7:03  Zergling x2  
Show
View Real Time Build Order
Export as new Build Order

Kozzy Protoss - Winner!

Build Orders:  

Get SALT Encoding   

  12  0:03  Probe  
  13  0:15  Probe  
  14  0:25  Pylon  
  14  0:27  Probe  
  15  0:43  Probe (Chrono Boost)  
  15  0:47  Gateway  
  16  0:51  Assimilator  
  16  0:55  Probe (Chrono Boost)  
  17  1:00  Probe (Chrono Boost)  
  18  1:04  Assimilator  
  18  1:10  Probe  
  19  1:24  Probe (Chrono Boost)  
  21  1:34  Probe (Chrono Boost)  
  21  1:39  Probe (Chrono Boost)  
  22  1:49  Cybernetics Core  
  22  1:50  Probe  
  22  1:52  Forge  
  23  1:54  Pylon  
  23  2:11  Zealot (Chrono Boost)  
  23  2:12  Probe  
  26  2:33  Photon Cannon  
  26  2:35  Shield Battery  
  26  2:47  Robotics Facility  
  26  2:54  Pylon  
  26  2:59  Protoss Ground Weapons Level 1 (Chrono Boost)  
  26  3:00  Warp Gate  
  26  3:01  Pylon  
  26  3:03  Stalker (Chrono Boost)  
  28  3:18  Twilight Council  
  28  3:25  Pylon  
  28  3:39  Immortal  
  32  3:48  Gateway  
  32  3:55  Charge  
  32  4:05  Gateway  
  32  4:11  Pylon  
  32  4:26  Immortal  
  36  4:50  Pylon  
  36  5:08  Stalker x3  
  36  5:12  Immortal (Chrono Boost)  
  46  5:32  Zealot  
  46  5:33  Zealot  
  46  5:34  Zealot  
  52  5:53  Zealot  
  52  5:54  Zealot  
  42  6:04  Probe  
  43  6:17  Probe  
  44  6:29  Probe  
  45  6:37  Stalker  
Tags
 
Add a new tag
Caveats
  • Supply blocks, unpowered buildings, or Contaminate may cause inaccurate times.
  • Supply counts are checked every 10 seconds.